AoeStats
← ogipochi_

Black Forest

503749011Analyzed
3v3 RM · 1mo ago on Sep 2, 2026· 44m 20s· 6 players
Game mode
Random Map
Map size
Normal (6 player)
Population
200
Speed
Normal
Resources
Standard
Victory
Conquest
Starting age
Dark Age
Ending age
Imperial Age
RankedLock teamsTeams togetherTeam positionsShared explorationLock speedFull tech treeHidden civsTurbo modeCheats
Victory
Defeat
🇨🇴 Celts · Colombia
960
+12
🇨🇴 Persians · Colombia
939
+13
🇯🇵 Wei · Japan
871
+16
🇺🇸 Maya · United States
880
-14
🇲🇽 Vietnamese · Mexico
867
-13
🇺🇸 Britons · United States
841
-12
inteligenteplaya
3:32 Loom
12:35 Feudal Age
19:45 Wheelbarrow
19:03 Double-Bit Axe
19:00 Horse Collar
19:14 Gold Mining
19:19 Fletching
24:19 Castle Age
25:10 Bow Saw
24:59 Fishing Lines
25:28 Stone Mining
26:15 Gillnets
27:40 Bodkin Arrow
27:56 Forging
27:49 Padded Archer Armor
28:38 Heavy Plow
29:16 Stone Shaft Mining
30:12 Caravan
31:21 Hand Cart
32:39 Thumb Ring
31:54 Crossbowman
32:23 Treadmill Crane
32:57 Fortified Wall
34:30 Town Watch
35:34 Squires
35:51 Leather Archer Armor
34:58 Elite Skirmisher
35:41 Chatras
36:38 Ballistics
36:13 Murder Holes
40:27 Imperial Age
39:08 Fortified Wall
39:24 Town Patrol
41:07 Iron Casting
42:22 Chemistry
41:36 Elite Rattan Archer
42:54 Onager
cjmm76
0:30 Loom
12:38 Feudal Age
17:45 Castle Age
15:36 Horse Collar
15:51 Double-Bit Axe
17:53 Wheelbarrow
17:45 Town Watch
19:24 Bow Saw
24:05 Hand Cart
25:46 Caravan
26:57 Heavy Plow
26:54 Gold Mining
27:01 Stone Mining
29:24 Coinage
33:24 Imperial Age
31:15 Town Patrol
31:35 Treadmill Crane
32:05 Masonry
31:55 Fletching
32:15 Forging
32:06 Padded Archer Armor
32:07 Scale Mail Armor
32:54 Bodkin Arrow
34:29 Iron Casting
33:25 Elite Skirmisher
34:10 Thumb Ring
33:26 Crossbowman
34:29 Conscription
33:42 Pikeman
34:23 Squires
33:43 Man-at-Arms
35:38 Two-Man Saw
35:45 Hul'che Javelineers
35:12 Imperial Skirmisher
35:38 Capped Ram
35:48 Elite Plumed Archer
37:03 Leather Archer Armor
37:36 Banking
37:00 Man-at-Arms
37:26 Arson
38:19 Ballistics
39:00 Chemistry
37:53 Onager
38:53 Bracer
39:42 Ring Archer Armor
41:14 Blast Furnace
40:29 Chain Mail Armor
39:56 Eagle Warrior
39:57 Long Swordsman
39:57 Halberdier
41:19 Elite Eagle Warrior
nicolasvillassanta15
8:09 Loom
12:32 Feudal Age
14:08 Double-Bit Axe
19:58 Castle Age
20:14 Fletching
20:14 Horse Collar
20:28 Gold Mining
20:32 Stone Mining
21:51 Bodkin Arrow
27:10 Padded Archer Armor
27:18 Fishing Lines
35:43 Imperial Age
34:22 Fortified Wall
34:41 Yeomen
35:10 Pikeman
36:48 Bracer
37:03 Leather Archer Armor
36:59 Forging
36:50 Scale Mail Armor
38:14 Chemistry
37:35 Ballistics
43:01 Ring Archer Armor
43:07 Iron Casting
42:47 Chain Mail Armor
ogipochi_
0:51 Loom
13:01 Feudal Age
13:37 Double-Bit Axe
13:44 Gold Mining
13:36 Horse Collar
13:47 Stone Mining
14:42 Wheelbarrow
15:37 Town Watch
16:39 Fishing Lines
20:32 Castle Age
21:40 Hand Cart
21:26 Town Patrol
24:50 Gillnets
27:07 Bloodlines
26:57 Husbandry
31:16 Caravan
33:57 Imperial Age
32:01 Forging
32:05 Scale Barding Armor
33:39 Iron Casting
33:07 Tuntian
35:35 Ming Guang Armor
35:30 Conscription
34:32 Elite Tiger Cavalry
35:50 Stone Shaft Mining
35:53 Gold Shaft Mining
37:01 Blast Furnace
36:23 Chain Barding Armor
37:01 Bow Saw
36:19 Heavy Hei Guang Cavalry
38:01 Ballistics
38:41 Chemistry
Rogebeto
0:32 Loom
11:42 Feudal Age
13:08 Wheelbarrow
12:23 Double-Bit Axe
12:21 Horse Collar
19:48 Castle Age
20:34 Hand Cart
27:23 Fishing Lines
27:48 Heavy Plow
28:04 Bow Saw
27:47 Stone Mining
27:51 Gold Mining
29:30 Caravan
30:00 Coinage
30:07 Gillnets
31:00 Gold Shaft Mining
34:27 Imperial Age
32:36 Murder Holes
32:52 Masonry
32:32 Heated Shot
33:03 Ballistics
33:01 Scale Barding Armor
35:26 Stone Shaft Mining
35:25 Crop Rotation
35:38 Banking
35:18 Guilds
35:42 Town Watch
36:11 Forging
36:22 Chain Barding Armor
36:37 Conscription
38:32 Iron Casting
38:33 Plate Barding Armor
37:22 Elite War Elephant
39:20 Kamandaran
39:56 Hoardings
38:51 Sappers
40:33 Crossbowman
41:19 Thumb Ring
41:42 Elite Skirmisher
42:48 Parthian Tactics
Maneco
5:50 Loom
10:42 Feudal Age
11:34 Double-Bit Axe
16:48 Castle Age
18:10 Wheelbarrow
18:57 Bow Saw
20:40 Fishing Lines
22:49 Gillnets
23:08 Horse Collar
23:24 Fletching
24:16 Heavy Plow
25:03 Caravan
26:20 Gold Mining
26:49 Hand Cart
30:57 Imperial Age
29:25 Stone Mining
29:25 Treadmill Crane
31:55 Guilds
31:11 Onager
33:07 Chemistry
32:28 Ballistics
32:57 Heavy Scorpion
34:09 Bodkin Arrow
34:27 Forging
34:23 Devotion
35:00 Siege Engineers
36:03 Conscription
36:31 Iron Casting
35:57 Scale Mail Armor
36:15 Masonry
36:02 Murder Holes
37:47 Furor Celtica
39:10 Blast Furnace
38:25 Chain Mail Armor
40:01 Gambesons
40:03 Arson
39:46 Elite Woad Raider
45:23 Plate Mail Armor
45:00 Scale Barding Armor
44:55 Padded Archer Armor
Connection lost

Rejoining the realm…

Still unreachable

The connection could not be restored.

Session expired

The server has moved on; the page needs a fresh start.